Cogmind - Beta 10.2 @@@ ROGUE MODE // 2022.01.14 @ 22:02:48 Player: SURFACESEEKER Result: Destroyed by P-80 Master with Gamma Rifle Performance ------------- Evolutions (7) 3500 Regions Visited (14) 2800 Robots Destroyed (156) 780 Value Destroyed (6181) 6181 Prototype IDs (33) 660 Alien Tech Used (0) 0 Bonus (1186) 1186 TOTAL SCORE: 15107 Bonus ------- High Alert Combat Kills 434 Follower Combat Kills 602 Aligned with FarCom 300 Friendly Fire -150 Cogmind --------- Core Integrity 0/1300 Matter 125/300 Energy 100/100 System Corruption 27% Temperature Cool (0) Movement Core (300) Ox5 Location -3/Research Parts ------- > --- POWER (4) -------- (None) > --- PROPULSION (6) --- (None) > --- UTILITY (7) ------ Large Storage Unit Advanced Terrain Scan Processor Advanced Target Analyzer > --- WEAPON (4) ------- (None) > --- INVENTORY (10) --- Long-range Terrain Scanner Long-range Terrain Scanner Stasis Canceller Advanced Field Recycling Unit (0) Peak State ------------ > --- POWER ------------ Light Angular Momentum Engine Micro Fission Core Micro Fission Core > --- PROPULSION ------- Heavy Treads Biometal Heavy Treads Biometal Heavy Treads > --- UTILITY ---------- Humpback Advanced Terrain Scan Processor Advanced Targeting Computer Improved Core Analyzer Improved Dynamic Insulation System > --- WEAPON ----------- Coil Gun KE Penetrator Enhanced Gauss Cannon Chainsword > --- INVENTORY -------- Light Fission Core Micro Fission Core Antimatter Reactor Advanced Cooling System Advanced Coolant Injector Large Storage Unit Large Storage Unit High-capacity Storage Unit Long-range Terrain Scanner Long-range Terrain Scanner Advanced ECM Suite Insulated Plating Improved Powered Armor System Backup Module System Backup Module Advanced Field Recycling Unit Drone Bay Tesla Rifle Improved Spread Laser Compact HERF Cannon Mass Driver Enhanced Gauss Cannon Hardcell Cannon Improved Remote Datajack [Rating: 118] Favorites ----------- Power Micro Fission Core Engine Light Angular Momentum Engine Power Core Micro Fission Core Reactor Light Particle Reactor Propulsion Heavy Treads Treads Heavy Treads Leg Aluminum Leg Wheel Wheel Hover Unit Antigrav System Flight Unit Nuclear Pulse Array Utility Large Storage Unit Device Advanced ECM Suite Storage Large Storage Unit Processor Modified TNC Hackware Advanced System Shield Protection Improved Powered Armor Weapon Enhanced Gauss Cannon Energy Gun Medium Laser Energy Cannon Compact HERF Cannon Ballistic Gun Light Assault Rifle Ballistic Cannon Enhanced Gauss Cannon Launcher Improved Grenade Launcher Special Weapon Improved Remote Datajack Impact Weapon Heavy Flail Slashing Weapon Chainsword Piercing Weapon Heavy Pick Build | -11 -10 -10 -10 -9 -8 -8 -8 -6 -5 -5 -4 -4 -4 -3 ------- Run | Scr Mat Min Exi Min Mat Sto Rec Fac Fac Ext Fac Upp Upp Res Slots Evolved 14 | . . . . . 4 . . 4 2 . 2 . . 2 Power 3 | . . . . . . . . 1 1 . . . . 1 Propulsion 4 | . . . . . 2 . . 1 . . 1 . . . Utility 5 | . . . . . 2 . . 1 1 . . . . 1 Weapon 2 | . . . . . . . . 1 . . 1 . . . Parts Attached 301 | 7 . 1 1 1 5 13 2 35 52 72 51 12 16 33 Power 34 | 1 . . . 1 . 2 . 6 7 10 1 1 2 3 Engine 12 | 1 . . . 1 . 1 . 3 2 3 1 . . . Core 19 | . . . . . . 1 . 3 5 7 . 1 1 1 Reactor 3 | . . . . . . . . . . . . . 1 2 Propulsion 50 | 2 . . . . 2 3 . 6 13 12 5 . 1 6 Treads 16 | . . . . . . . . 1 . 11 3 . . 1 Leg 12 | 2 . . . . 2 3 . 3 . . 1 . 1 . Wheel 7 | . . . . . . . . 2 4 . 1 . . . Hover 14 | . . . . . . . . . 8 1 . . . 5 Flight 1 | . . . . . . . . . 1 . . . . . Utility 139 | 2 . . 1 . 3 1 1 13 20 28 35 11 6 18 Device 107 | 1 . . . . 1 1 . 11 17 18 31 8 4 15 Storage 12 | . . . 1 . 1 . . 1 . 3 1 2 1 2 Processor 11 | 1 . . . . 1 . . 1 2 3 2 . . 1 Hackware 2 | . . . . . . . 1 . 1 . . . . . Protection 7 | . . . . . . . . . . 4 1 1 1 . Artifact . | . . . . . . . . . . . . . . . Weapon 78 | 2 . 1 . . . 7 1 10 12 22 10 . 7 6 Energy Gun 15 | 1 . 1 . . . 1 . 3 1 1 1 . 2 4 Energy Cannon 12 | . . . . . . 2 . 1 1 6 1 . 1 . Ballistic Gun 13 | 1 . . . . . 3 1 3 2 1 2 . . . Ballistic Cannon 23 | . . . . . . . . 1 4 11 4 . 3 . Launcher 2 | . . . . . . 1 . 1 . . . . . . Special Weapon 3 | . . . . . . . . . . 1 . . . 2 Impact Weapon 1 | . . . . . . . . 1 . . . . . . Slashing Weapon 5 | . . . . . . . . . . 2 2 . 1 . Piercing Weapon 4 | . . . . . . . . . 4 . . . . . Special Melee Weapon . | . . . . . . . . . . . . . . . Unidentified Prototypes 8 | . . . . . . 3 . 1 3 . . . . 1 Parts Lost 85 | . . 1 . . . . . 21 11 4 1 . 22 25 Power 16 | . . . . . . . . 5 2 1 . . 5 3 Propulsion 24 | . . . . . . . . 7 6 . 1 . 3 7 Utility 20 | . . . . . . . . 4 1 2 . . 4 9 Weapon 25 | . . 1 . . . . . 5 2 1 . . 10 6 Highest Loss Streak 21 | . . 1 . . . . . 8 4 3 1 . 15 21 Average Slot Usage (%) 86 | . 100 100 100 100 92 98 100 74 90 86 77 82 54 56 Engine 4 | . 14 14 14 14 9 1 9 3 7 . 4 5 . . Core 9 | . . . . . . 7 . 4 7 15 10 10 7 2 Treads 8 | . . . . . . . . 1 1 14 13 15 5 2 Leg 7 | . 28 28 28 28 28 35 36 13 . . . . . 2 Wheel 1 | . . . . . . . . 1 7 . 1 . . . Hover 3 | . . . . . . . . . 10 3 . . . 8 Device 8 | . 14 14 2 . 9 9 4 9 11 8 5 9 3 11 Storage 10 | . . . 11 14 18 18 18 13 11 8 5 9 12 10 Processor 10 | . 14 14 14 14 9 9 9 3 4 12 13 10 7 5 Hackware 1 | . . . . . . . 4 4 4 . . . . . Energy Gun 1 | . 14 14 14 14 9 . . 2 . . . . 1 4 Energy Cannon 2 | . . . . . . . . 3 4 3 . . . . Ballistic Gun 4 | . 14 14 14 14 9 16 13 6 . . 2 10 4 . Ballistic Cannon 5 | . . . . . . . . 1 6 7 13 5 4 . Slashing Weapon 1 | . . . . . . . . . . 2 3 5 1 . Naked Turns . | . . . . . . . . . . . . . . . Heaviest Build 139 | 7 7 7 22 22 39 56 56 64 81 139 138 126 115 86 Greatest Support 220 | 20 20 20 20 20 45 50 50 50 80 168 220 220 150 70 Greatest Overweight (x) 38 | . . . 1 1 1 1 1 18 6 2 . . 38 23 Average Overweight (x) . | . . . . 1 . . . 1 1 . . . 5 1 Largest Inventory Capacity 38 | 4 4 4 10 10 16 16 16 16 16 36 32 38 24 24 Average Capacity 17 | 4 4 4 9 10 15 16 16 16 16 19 24 19 20 19 Most Carried 24 | 4 4 4 10 10 9 16 16 16 16 24 24 24 18 12 Average Carried 16 | 2 4 3 7 9 7 14 15 14 15 18 22 18 14 9 Final Capacity 24 | 4 4 4 10 10 16 16 16 16 16 24 24 18 24 10 Final Carried 24 | 4 4 4 10 10 8 16 16 16 16 24 23 18 8 4 Class Distribution -------------------- 39% | Scavenger-Mutant 13% | Hauler-Gunner 11% | Mutant 11% | Hauler-Mutant 8% | Scavenger-Assassin 4% | Scavenger-Skirmisher Dominant Class ---------------- Mutant | -10/Materials Mutant | -10/Mines Mutant | -10/Exiles Mutant | -9/Mines Skirmisher | -8/Materials Scavenger-Mutant | -8/Storage Scavenger-Mutant | -8/Recycling Scavenger-Mutant | -6/Factory Scavenger-Assassin | -5/Factory Scavenger-Mutant | -5/Extension Hauler-Gunner | -4/Factory Generator-Skirmisher | -4/Upper Caves Hauler-Mutant | -4/Upper Caves Scavenger-Mutant | -3/Research Resources | -11 -10 -10 -10 -9 -8 -8 -8 -6 -5 -5 -4 -4 -4 -3 ----------- Run | Scr Mat Min Exi Min Mat Sto Rec Fac Fac Ext Fac Upp Upp Res Matter Collected 6070 | 234 . 56 . 27 54 176 83 837 744 2099 813 430 411 106 Remotely . | . . . . . . . . . . . . . . . Salvage Created 7225 | 63 . 41 . . . 317 111 976 701 2892 1084 129 771 140 Parts 325 | 11 . 8 . . . 16 23 31 43 85 53 2 31 22 Haulers Intercepted 20 | . . . . . . 1 . . . 17 2 . . . Recyclers Shooed 5 | . . . . . . . . 2 3 . . . . . Parts Field Recycled 9 | . . . . . . . . . . . 5 4 . . Retrieved Matter 133 | . . . . . . . . . . . 109 24 . . Parts Self-Destructed 31 | . . . . . . . . . . . . 4 27 . Prevented 6 | . . . . . . . . . . . . 1 5 . Kills | -11 -10 -10 -10 -9 -8 -8 -8 -6 -5 -5 -4 -4 -4 -3 ------- Run | Scr Mat Min Exi Min Mat Sto Rec Fac Fac Ext Fac Upp Upp Res Combat Hostiles Destroyed 105 | . . 3 . . . 8 9 18 10 16 22 3 14 2 Melee 5 | . . . . . . . . 3 . 1 . . . 1 Guns 37 | . . 3 . . . 3 9 8 1 . 4 3 6 . Cannons 52 | . . . . . . . . 4 9 14 17 . 8 . AOE 9 | . . . . . . 5 . 3 . . 1 . . . Classes Destroyed 17 | 1 . 1 . . . 7 1 4 . 3 . . . . Worker 5 | . . . . . . 1 . . . 3 1 . . . Builder 11 | . . . . . . . 1 2 2 4 2 . . . Tunneler 5 | 3 . . . . . . . . 1 1 . . . . Hauler 20 | . . . . . . 1 . . . 17 2 . . . Recycler 6 | . . . . . . . . 1 2 3 . . . . Drone 10 | . . . . . . 1 9 . . . . . . . Watcher 4 | . . . . . . . . . . 3 1 . . . Swarmer 14 | . . 3 . . . . . 3 . . 5 . 3 . Saboteur 1 | . . . . . . . . 1 . . . . . . Grunt 28 | . . . . . . 4 . 8 1 7 . 2 6 . Brawler 6 | . . . . . . 2 . 2 . 1 . . 1 . Duelist 1 | . . . . . . . . 1 . . . . . . Protector 1 | . . . . . . 1 . . . . . . . . Sentry 6 | . . . . . . 1 . 1 1 2 . 1 . . Hunter 8 | . . . . . . . . . . 2 2 . 4 . Programmer 29 | . . . . . . . . 2 8 2 15 . . 2 Behemoth 2 | . . . . . . . . . . 2 . . . . Best Kill Streak 10 | 2 . 2 . . . 7 2 5 2 3 7 1 10 1 Combat Bots Only 10 | . . 2 . . . 6 1 5 2 3 6 1 10 1 Max Kills in Single Turn 3 | 1 . 1 . . . 3 1 2 1 2 2 1 1 1 Gunslinging . | . . . . . . . . . . . . . . . Exploded 2 | . . . . . . 2 . 2 . . 1 . . . Melee 1 | . . . . . . . . 1 . 1 . . . 1 Uniques/NPCs Destroyed . | . . . . . . . . . . . . . . . Combat | -11 -10 -10 -10 -9 -8 -8 -8 -6 -5 -5 -4 -4 -4 -3 -------- Run | Scr Mat Min Exi Min Mat Sto Rec Fac Fac Ext Fac Upp Upp Res Damage Taken 18523 | . 31 193 . 23 50 356 . 2161 1524 2476 1726 527 5246 4210 Core 3195 | . . 28 . 8 . 55 . 298 171 304 135 48 825 1323 Absorbed by Shields . | . . . . . . . . . . . . . . . Reduced by Siege Mode 652 | . . . . . . . . . . . 168 26 312 146 Core Remaining (%) 67 | 100 . . . 85 . . 90 64 . 52 . . 12 . Volleys Fired 493 | 8 . 17 . . 4 38 33 75 41 113 70 12 38 44 Largest 4 | 2 . 2 . . 2 2 2 3 3 3 4 3 4 2 Hottest 245 | 60 . 70 . . 70 59 46 209 205 208 236 120 245 150 Shots Fired 923 | 16 . 34 . . 8 72 54 138 77 205 134 36 89 60 Gun 482 | 16 . 34 . . 8 68 54 94 25 5 56 24 53 45 Cannon 412 | . . . . . . . . 43 52 191 78 12 36 . Launcher 5 | . . . . . . 4 . 1 . . . . . . Special 24 | . . . . . . . . . . 9 . . . 15 Kinetic 664 | 8 . 17 . . 4 68 54 96 66 128 113 36 74 . Thermal 68 | . . 13 . . 4 . . 34 8 . . . 9 . Explosive 5 | . . . . . . 4 . 1 . . . . . . Electromagnetic 162 | 8 . 4 . . . . . 7 3 68 21 . 6 45 Robot Hit Streak 35 | 7 . 2 . . 5 14 2 17 8 23 19 34 33 35 Robot Miss Streak 11 | 2 . 11 . . 2 3 5 5 4 5 2 1 3 2 Penetration Max 1 | . . . . . . . . 1 . 1 1 . 1 . Secondary Targets 2 | . . . . . . . . 2 . . . . . . Max Gunslinging Chain 1 | . . . . . . . . 1 . . . . . . Shots Hit Robots 653 | 10 . 5 . . 5 48 15 114 53 158 92 31 69 53 Core Hits 305 | 5 . 4 . . . 26 11 53 24 63 50 8 30 31 Critical Hits 33 | . . . . . . . 1 1 1 10 13 1 6 . Critical Kills 10 | . . . . . . . 1 . . 2 4 . 3 . Critical Parts Destroyed 20 | . . . . . . . . 1 1 6 8 1 3 . Melee Attacks 79 | . . . . . . . . 26 35 4 14 . . . Impact 26 | . . . . . . . . 26 . . . . . . Slashing 14 | . . . . . . . . . . . 14 . . . Piercing 39 | . . . . . . . . . 35 4 . . . . Sneak Attacks 3 | . . . . . . . . . 3 . . . . . Combat Hostiles . | . . . . . . . . . . . . . . . Follow-up Attacks . | . . . . . . . . . . . . . . . Damage Inflicted 19140 | 154 . 65 . . 42 1150 260 3428 1978 5899 3230 847 1732 355 Guns 5433 | 154 . 63 . . 42 399 236 1416 442 52 998 468 937 226 Cannons 10759 | . . . . . . . . 712 1221 5607 2045 379 795 . Explosions 1849 | . . . . . . 736 . 861 . 164 88 . . . Melee 823 | . . . . . . . . 439 315 36 33 . . . Ramming 276 | . . 2 . . . 15 24 . . 40 66 . . 129 Kinetic 11688 | 56 . 26 . . 16 399 236 1501 1470 3161 2625 847 1351 . Thermal 1801 | . . 25 . . 26 . . 1214 147 164 40 . 185 . Explosive 893 | . . . . . . 736 . 157 . . . . . . Electromagnetic 3659 | 98 . 12 . . . . . 117 46 2498 466 . 196 226 Impact 439 | . . . . . . . . 439 . . . . . . Slashing 33 | . . . . . . . . . . . 33 . . . Piercing 351 | . . . . . . . . . 315 36 . . . . Highest Corruption 27 | . . . . . . . . 13 14 14 4 . 10 27 Average Corruption 9 | . . . . . . . . 10 7 11 2 . 10 6 Corruption Purged 28 | . . . . . . . . . . 15 9 . . 4 Effects 337 | . . . . . . . . 59 80 157 19 . 7 15 Message Errors 74 | . . . . . . . . 5 18 43 3 . 1 4 Matter Fused 71 | . . . . . . . . 9 19 34 5 . 2 2 Heat Flow Errors 26 | . . . . . . . . 5 5 11 2 . 1 2 Energy Discharges 34 | . . . . . . . . 4 6 17 5 . . 2 Parts Rejected 4 | . . . . . . . . 1 . . . . 1 2 Data Loss (minor) 38 | . . . . . . . . 4 10 21 1 . . 2 Data Loss (major) 9 | . . . . . . . . 2 2 5 . . . . Misfires 15 | . . . . . . . . 3 3 9 . . . . Alerts 4 | . . . . . . . . 1 2 1 . . . . Misdirections 22 | . . . . . . . . 4 10 6 . . 1 1 Targeting Errors 36 | . . . . . . . . 20 4 10 1 . 1 . Weapon Failures 4 | . . . . . . . . 1 1 . 2 . . . Overload Shots . | . . . . . . . . . . . . . . . Overflow Damage 477 | . . . . . . 12 . 176 23 164 64 32 6 . Projectiles 334 | . . . . . . . . 46 23 163 64 32 6 . Explosions 110 | . . . . . . 12 . 97 . 1 . . . . Melee 33 | . . . . . . . . 33 . . . . . . Knockbacks 51 | . . . . . . 1 . 8 9 7 17 1 6 2 Impact 6 | . . . . . . 1 . 3 . . . . . 2 Kinetic 40 | . . . . . . . . 3 9 5 16 1 6 . Secondary 5 | . . . . . . . . 2 . 2 1 . . . Self-Inflicted Damage 259 | . . 1 . . . 33 . 145 . 55 25 . . . Shots 6 | . . . . . . 1 . 2 . 2 1 . . . Rammed 49 | . . 1 . . . . . . . 1 7 . 1 39 Targets Rammed 55 | . . 1 . . . 2 2 . . 3 7 . 1 39 Kicked 4 | . . . . . . 2 2 . . . . . . . Crushed 2 | . . . . . . . . . . 2 . . . . Highest Temperature 605 | 40 . 160 . . 28 11 . 605 353 336 354 261 428 349 Average Temperature 108 | 16 . 67 . . 14 4 . 251 103 94 94 114 134 144 Received Heat Transfer 2190 | . . . . . 27 126 . 618 153 354 . 123 789 . Effects 15 | . . . . . . . . 7 1 2 5 . . . Shutdowns 2 | . . . . . . . . . 1 . 1 . . . Interference 8 | . . . . . . . . 3 . 1 4 . . . Matter Decay 1 | . . . . . . . . 1 . . . . . . Short Circuit 2 | . . . . . . . . 1 . 1 . . . . Damage (minor) 2 | . . . . . . . . 2 . . . . . . Siege Activations 11 | . . . . . . . . . . . 8 1 1 1 Total Turns 518 | . . . . . . . . . . . 352 26 80 60 Longest Duration 96 | . . . . . . . . . . . 96 26 80 60 Robots Corrupted 10 | . . . . . . . . . . 8 1 . . 1 Combat Hostiles 2 | . . . . . . . . . . 1 . . . 1 Parts Fried 29 | . . . . . . . . 1 . 22 3 . . 3 Impact Corruptions 4 | . . . . . . . . 4 . . . . . . Robots Melted . | . . . . . . . . . . . . . . . Combat Hostiles . | . . . . . . . . . . . . . . . Parts Melted 1 | . . . . . . 1 . . . . . . . . Heat Transferred 1954 | . . 74 . . 74 . . 1162 185 150 50 . 259 . Parts Sabotaged . | . . . . . . . . . . . . . . . Parts Stolen . | . . . . . . . . . . . . . . . Parts Stripped . | . . . . . . . . . . . . . . . Power Chain Reactions 5 | . . . . . . . . 2 . 2 1 . . . Missiles Intercepted . | . . . . . . . . . . . . . . . Alert | -11 -10 -10 -10 -9 -8 -8 -8 -6 -5 -5 -4 -4 -4 -3 ------- Run | Scr Mat Min Exi Min Mat Sto Rec Fac Fac Ext Fac Upp Upp Res Peak Influence 1120 | 15 9 68 . . 92 223 190 1120 469 367 459 . . 117 Initial 942 | . 9 3 . . . 38 71 942 443 42 179 . . 67 Average 157 | 5 9 39 . . 63 65 60 960 172 69 211 . . 42 Maximum Alert Level 4 | . . . . . . 1 . 4 2 1 2 . . . Low Security (%) 75 | 100 100 100 . 100 100 99 100 . 69 82 51 . . 100 Level 1 15 | . . . . . . . . . 17 17 42 . . . Level 2 2 | . . . . . . . . . 12 . 6 . . . Level 3 6 | . . . . . . . . 98 . . . . . . Level 4 . | . . . . . . . . 1 . . . . . . Level 5 . | . . . . . . . . . . . . . . . High Security . | . . . . . . . . . . . . . . . Max Security . | . . . . . . . . . . . . . . . Squads Dispatched 31 | . . . . . . 3 . 9 5 1 11 . 1 1 Investigation 3 | . . . . . . 1 . . . . 2 . . . Extermination 15 | . . . . . . . . 2 5 . 7 . . 1 Reinforcement 3 | . . . . . . . . 1 . 1 1 . . . Assault 7 | . . . . . . 2 . 3 . . 1 . 1 . Garrison 3 | . . . . . . . . 3 . . . . . . Intercept . | . . . . . . . . . . . . . . . Construction Impeded 2 | . . . . . . . . 1 . 1 . . . . Haulers Reinforced . | . . . . . . . . . . . . . . . Stealth | -11 -10 -10 -10 -9 -8 -8 -8 -6 -5 -5 -4 -4 -4 -3 --------- Run | Scr Mat Min Exi Min Mat Sto Rec Fac Fac Ext Fac Upp Upp Res Distress Signals 9 | . . . . . . 4 . . . 1 3 . . 1 Communications Jammed . | . . . . . . . . . . . . . . . Distress Signals . | . . . . . . . . . . . . . . . Times Spotted 184 | . 3 3 . 4 3 21 26 28 12 23 28 4 21 8 Peak Tracking Total 9 | . 3 3 . 4 3 4 4 5 3 8 7 1 9 3 Tactical Retreats 6 | . . . . . . . . 3 . . 2 1 . . Traps | -11 -10 -10 -10 -9 -8 -8 -8 -6 -5 -5 -4 -4 -4 -3 ------- Run | Scr Mat Min Exi Min Mat Sto Rec Fac Fac Ext Fac Upp Upp Res Traps Triggered 5 | . . . . . . 2 . 1 1 . 1 . . . Indirectly . | . . . . . . . . . . . . . . . Trap Hack Attempts . | . . . . . . . . . . . . . . . Triggered . | . . . . . . . . . . . . . . . Disarmed . | . . . . . . . . . . . . . . . Reprogrammed . | . . . . . . . . . . . . . . . Reused . | . . . . . . . . . . . . . . . Traps Extracted . | . . . . . . . . . . . . . . . Installed . | . . . . . . . . . . . . . . . Triggered . | . . . . . . . . . . . . . . . Machines | -11 -10 -10 -10 -9 -8 -8 -8 -6 -5 -5 -4 -4 -4 -3 ---------- Run | Scr Mat Min Exi Min Mat Sto Rec Fac Fac Ext Fac Upp Upp Res Machines Disabled 24 | . . . . . . 1 2 4 6 4 7 . . . Max in Single Turn 4 | . . . . . . 1 1 4 2 1 4 . . . Machines Sabotaged . | . . . . . . . . . . . . . . . Garrisons Compromised . | . . . . . . . . . . . . . . . Overloaded Fab Kills . | . . . . . . . . . . . . . . . Fab Network Shutdowns . | . . . . . . . . . . . . . . . Hacking | -11 -10 -10 -10 -9 -8 -8 -8 -6 -5 -5 -4 -4 -4 -3 --------- Run | Scr Mat Min Exi Min Mat Sto Rec Fac Fac Ext Fac Upp Upp Res Machines Accessed 37 | . . 1 1 . 1 7 10 1 10 1 5 . . . Terminals 22 | . . 1 . . 1 6 5 1 5 1 2 . . . Fabricators 4 | . . . . . . . . . 3 . 1 . . . Repair Stations 2 | . . . . . . . . . 1 . 1 . . . Recycling Units 7 | . . . . . . 1 5 . . . 1 . . . Scanalyzers . | . . . . . . . . . . . . . . . Garrison Access 1 | . . . . . . . . . 1 . . . . . Total Hacks 99 | . . 4 1 . 4 16 38 1 23 2 10 . . . Successful 65 | . . 1 1 . 3 13 26 1 13 1 6 . . . Failed 33 | . . 3 . . 1 3 11 . 10 1 4 . . . Catastrophic 8 | . . 1 . . . 1 1 . 4 1 . . . . Database Lockouts 1 | . . . . . . . 1 . . . . . . . Manual 43 | . . 4 1 . 3 9 13 1 8 1 3 . . . Terminals 64 | . . 4 . . 4 14 27 1 9 2 3 . . . Fabricators 14 | . . . . . . . . . 11 . 3 . . . Repair Stations 3 | . . . . . . . . . 1 . 2 . . . Recycling Units 15 | . . . . . . 2 11 . . . 2 . . . Scanalyzers . | . . . . . . . . . . . . . . . Garrison Access 2 | . . . . . . . . . 2 . . . . . Terminal Hacks 20 | . . . 1 . 1 6 10 . 2 . . . . . Record 5 | . . . . . . . 5 . . . . . . . Part Schematic 2 | . . . . . . . 2 . . . . . . . Robot Schematic 1 | . . . . . . 1 . . . . . . . . Robot Analysis 1 | . . . . . 1 . . . . . . . . . Prototype ID Bank 1 | . . . . . . 1 . . . . . . . . Open Door 4 | . . . . . . 3 . . 1 . . . . . Branch Access Points 1 | . . . . . . 1 . . . . . . . . Alert Level 1 | . . . . . . . 1 . . . . . . . Unreport Threat 1 | . . . . . . . 1 . . . . . . . Registered Components 1 | . . . . . . . 1 . . . . . . . Zone Layout 1 | . . . . . . . . . 1 . . . . . EX-Prototype ID Bank 1 | . . . 1 . . . . . . . . . . . Fabricator Hacks 7 | . . . . . . . . . 5 . 2 . . . Load Schematic 2 | . . . . . . . . . 2 . . . . . Build 5 | . . . . . . . . . 3 . 2 . . . Repair Station Hacks . | . . . . . . . . . . . . . . . Recycling Unit Hacks 10 | . . . . . . 1 7 . . . 2 . . . Process 1 | . . . . . . . 1 . . . . . . . Report Inventory 7 | . . . . . . 1 5 . . . 1 . . . Retrieve Matter 2 | . . . . . . . 1 . . . 1 . . . Scanalyzer . | . . . . . . . . . . . . . . . Garrison Access Hacks . | . . . . . . . . . . . . . . . Unauthorized Hacks 27 | . . 1 . . 2 6 9 1 5 1 2 . . . Terminals 21 | . . 1 . . 2 5 5 1 4 1 2 . . . Track 7 | . . . . . 1 2 1 . 1 1 1 . . . Botnet 12 | . . 1 . . 1 2 4 1 2 . 1 . . . Detonate 1 | . . . . . . 1 . . . . . . . . Operators 1 | . . . . . . . . . 1 . . . . . Fabricators 1 | . . . . . . . . . 1 . . . . . Prioritize 1 | . . . . . . . . . 1 . . . . . Repair Stations . | . . . . . . . . . . . . . . . Recycling Units 5 | . . . . . . 1 4 . . . . . . . Tunnel 5 | . . . . . . 1 4 . . . . . . . Scanalyzers . | . . . . . . . . . . . . . . . Garrison Access . | . . . . . . . . . . . . . . . Data Cores Recovered . | . . . . . . . . . . . . . . . Used . | . . . . . . . . . . . . . . . Hacking Detections 28 | . . 1 . . 1 6 6 . 8 1 5 . . . Full Trace Events 4 | . . 1 . . . 1 1 . . . 1 . . . Feedback Events . | . . . . . . . . . . . . . . . Feedback Blocked . | . . . . . . . . . . . . . . . Robot Schematics Acquired 1 | . . . . . . 1 . . . . . . . . Robots Built 6 | . . . . . . . . . 6 . . . . . Matter 306 | . . . . . . . . . 306 . . . . . Time 80 | . . . . . . . . . 80 . . . . . Total Robot Build Rating 6 | . . . . . . . . . 6 . . . . . Part Schematics Acquired 2 | . . . . . . . 2 . . . . . . . Parts Built 5 | . . . . . . . . . 1 . 4 . . . Matter 812 | . . . . . . . . . 256 . 556 . . . Time 342 | . . . . . . . . . 64 . 278 . . . Total Part Build Rating 44 | . . . . . . . . . 8 . 36 . . . Parts Repaired . | . . . . . . . . . . . . . . . Time . | . . . . . . . . . . . . . . . Parts Recycled . | . . . . . . . . . . . . . . . Recycled Matter 48 | . . . . . . . 48 . . . . . . . Retrieved Matter 174 | . . . . . . . 48 . . . 126 . . . Retrieved Components . | . . . . . . . . . . . . . . . Parts Scanalyzed . | . . . . . . . . . . . . . . . Part Schematics Acquired . | . . . . . . . . . . . . . . . Parts Damaged . | . . . . . . . . . . . . . . . Bothacking | -11 -10 -10 -10 -9 -8 -8 -8 -6 -5 -5 -4 -4 -4 -3 ------------ Run | Scr Mat Min Exi Min Mat Sto Rec Fac Fac Ext Fac Upp Upp Res Used RIF Installer . | . . . . . . . . . . . . . . . Robots Hacked 5 | . . . . . . . . . . 4 . . . 1 Non-combat 4 | . . . . . . . . . . 4 . . . . Combat 1 | . . . . . . . . . . . . . . 1 Robot Hacks Applied 6 | . . . . . . . . . . 5 . . . 1 parse_system 3 | . . . . . . . . . . 2 . . . 1 no_distress 1 | . . . . . . . . . . 1 . . . . find_recycling 2 | . . . . . . . . . . 2 . . . . Relay Couplers Released . | . . . . . . . . . . . . . . . Robots Rewired . | . . . . . . . . . . . . . . . Allies Hacked . | . . . . . . . . . . . . . . . Hacks Repelled . | . . . . . . . . . . . . . . . Allies | -11 -10 -10 -10 -9 -8 -8 -8 -6 -5 -5 -4 -4 -4 -3 -------- Run | Scr Mat Min Exi Min Mat Sto Rec Fac Fac Ext Fac Upp Upp Res Total Allies 21 | . . 3 . . . 12 . . 6 . . . . . Largest Group 12 | . . 3 3 3 3 12 . . 3 . . . . . Highest-Rated Group 205 | . . 40 40 40 40 205 . . 24 . . . . . Highest-Rated Ally 31 | . . 16 16 16 16 31 . . 8 . . . . . Total Orders 33 | . . . . . . 16 5 . 3 9 . . . . STAY 8 | . . . . . . . 1 . 3 4 . . . . ROAM 7 | . . . . . . 6 . . . 1 . . . . EXPLORE 17 | . . . . . . 10 4 . . 3 . . . . RETURN 1 | . . . . . . . . . . 1 . . . . Ally Attacks 146 | . . . . . 21 106 . . 19 . . . . . Total Damage 1917 | . . . . . 238 1502 . . 177 . . . . . Kills 19 | . . . . . 3 14 . . 2 . . . . . Allies Corrupted 2 | . . . . . . 2 . . . . . . . . Allies Melted . | . . . . . . . . . . . . . . . Intel | -11 -10 -10 -10 -9 -8 -8 -8 -6 -5 -5 -4 -4 -4 -3 ------- Run | Scr Mat Min Exi Min Mat Sto Rec Fac Fac Ext Fac Upp Upp Res Robot Analysis Total 1 | . . . . . 1 . . . . . . . . . Derelict Logs Recovered 3 | . . 1 . . . . . . . . . 2 . . Drone Launches 21 | . . . . . . 18 . . . 3 . . . . Drone Recoveries 8 | . . . . . . 6 . . . 2 . . . . Exploration | -11 -10 -10 -10 -9 -8 -8 -8 -6 -5 -5 -4 -4 -4 -3 ------------- Run | Scr Mat Min Exi Min Mat Sto Rec Fac Fac Ext Fac Upp Upp Res Turns Passed 23498 | 192 69 626 1159 325 245 1598 1036 1412 3200 8835 2566 1120 198 917 Spaces Moved 8973 | 137 58 454 798 201 172 761 531 575 1799 1822 827 641 17 180 Core 39 | 18 . . . . . . . 18 . . . . 2 1 Treads 3154 | . . . . . . . . 58 . 1602 827 641 5 21 Legs 3591 | 119 58 454 798 201 172 761 531 429 . . . . 10 58 Wheels 689 | . . . . . . . . 70 619 . . . . . Hover 1500 | . . . . . . . . . 1180 220 . . . 100 Flight . | . . . . . . . . . . . . . . . Fastest Speed 46 | 50 120 120 120 150 120 120 120 100 46 46 150 150 145 112 Average Speed 140 | 110 120 120 144 150 129 136 128 169 119 146 158 150 360 185 Slowest Speed 1950 | 120 120 120 150 150 150 150 150 950 201 200 160 150 1950 1200 Overloaded Moves . | . . . . . . . . . . . . . . . Propulsion Burnouts . | . . . . . . . . . . . . . . . Robots Hopped . | . . . . . . . . . . . . . . . Cave-ins Triggered 2 | . . . . . . . . . 1 . . . 1 . Exploration Rate (%) 37 | 5 14 80 77 43 6 64 99 7 30 43 14 63 8 2 Regions Visited 14 Branch Regions 8 Pre-discovered Areas 5 | . . . . . . 1 4 . . . . . . . Known Exits Taken 2 | . . . . . 1 1 . . . . . . . . Unknown Exits Taken 12 | 1 1 1 1 1 . . 1 1 1 1 1 1 1 . Scrap Searched 5 | . . 1 . 2 . . . . . . . 2 . . Spaces Dug 41 | . . . . . . . . 1 24 . 16 . . . Terrain Destroyed 268 | . . . . . . 19 . 69 35 24 100 5 16 . Melee 37 | . . . . . . . . 1 23 . 13 . . . Projectile 97 | . . . . . . . . 12 5 17 42 5 16 . AOE 134 | . . . . . . 19 . 56 7 7 45 . . . Terrain Rammed . | . . . . . . . . . . . . . . . Walls Destroyed . | . . . . . . . . . . . . . . . Machines Disabled . | . . . . . . . . . . . . . . . Actions | -11 -10 -10 -10 -9 -8 -8 -8 -6 -5 -5 -4 -4 -4 -3 --------- Run | Scr Mat Min Exi Min Mat Sto Rec Fac Fac Ext Fac Upp Upp Res Total 18757 | 162 57 505 803 225 186 1255 832 831 2697 7816 1930 772 79 607 Wait 8605 | . . 30 . 22 3 414 263 92 745 5714 936 93 5 288 Move 8960 | 136 57 453 797 200 171 760 530 574 1798 1822 826 640 16 180 Hop . | . . . . . . . . . . . . . . . Pick Up 151 | 10 . 2 5 1 3 14 1 23 10 39 13 7 3 20 Fast Attach 54 | 2 . . . . . 4 . 8 22 14 3 1 . . Attach 98 | 5 . 1 . . 4 3 . 18 4 10 10 3 13 27 Detach 6 | . . . . . . . . . . 2 . 1 . 3 Swap 149 | . . . 1 1 1 6 2 9 26 48 38 8 3 6 Drop 102 | 1 . 1 . 1 . 8 1 6 16 48 13 7 . . Fire 493 | 8 . 17 . . 4 38 33 75 41 113 70 12 38 44 Melee 79 | . . . . . . . . 26 35 4 14 . . . Ram 15 | . . . . . . . . . . . . . . 15 Kick 6 | . . 1 . . . 2 2 . . . . . 1 . Crush 33 | . . . . . . . . . . 2 7 . . 24 Escape Stasis . | . . . . . . . . . . . . . . . Rewire . | . . . . . . . . . . . . . . . Trap . | . . . . . . . . . . . . . . . Miscellaneous 6 | . . . . . . 6 . . . . . . . . Route ------- -11/Scrapyard -10/Materials -10/Mines (discovered 3 exits: [*Mat x2] / *Exi) -10/Exiles -9/Mines -8/Materials (discovered 2 exits: *Sto x2) -8/Storage -8/Recycling -6/Factory -5/Factory (discovered 2 exits: Fac / *Ext) -5/Extension (discovered 2 exits: *Fac / [*Cet]) -4/Factory -4/Upper Caves -4/Upper Caves -3/Research (discovered 1 exit: Tes) History --------- Turn | Location | Event 4 | -11/Scrapyard | Discovered new exit (range 15) 193 | -11/Scrapyard | Entered Materials 232 | -10/Materials | Discovered new exit (range 15) 262 | -10/Materials | Entered Mines 314 | -10/Mines | Build established: Mutant 493 | -10/Mines | Learned location of 1 exit from Materials 668 | -10/Mines | Discovered new exit (range 10) 691 | -10/Mines | Assisted by bots powering up and referring to "LRC-V3" 822 | -10/Mines | Discovered new exit (range 12) 869 | -10/Mines | Discovered new exit (range 9) 878 | -10/Mines | Deemed a non-threat by the Exiles lab entrance 888 | -10/Mines | Entered Exiles 888 | -10/Exiles | Accompanied by 3 allies 930 | -10/Exiles | Met 8R-AWN 958 | -10/Exiles | Met EX-HEX 1019 | -10/Exiles | Met EX-DEC 1062 | -10/Exiles | Met EX-BIN 1092 | -10/Exiles | Aligned with FarCom system 1094 | -10/Exiles | Given EX-Vault access code 1160 | -10/Exiles | Opened EX-Vault 1176 | -10/Exiles | Found Modified TNC 1210 | -10/Exiles | Warned to stay clear of 0b10 Research branches 1616 | -10/Exiles | Visited The Gauntlet 2018 | -10/Exiles | Discovered new exit (range 14) 2047 | -10/Exiles | Left Exiles lab with Modified TNC 2047 | -10/Exiles | Entered Mines 2047 | -9/Mines | Accompanied by 3 allies 2213 | -9/Mines | Discovered new exit (range 16) 2372 | -9/Mines | Entered Materials 2372 | -8/Materials | Accompanied by 3 allies 2372 | -8/Materials | Evolved 4 slots: Propulsion x2, Utility x2 2373 | -8/Materials | Identified exit to Storage 2489 | -8/Materials | Discovered exit to Storage (range 13) 2617 | -8/Materials | Entered Storage 2617 | -8/Storage | Accompanied by 3 allies 2667 | -8/Storage | Build established: Skirmisher 2965 | -8/Storage | Assisted by bots powering up and referring to "LRC-V3" 3705 | -8/Storage | Build established: Scavenger-Mutant 3768 | -8/Storage | Identified exit to Recycling 4054 | -8/Storage | Met a pair of Derelict thieves 4211 | -8/Storage | Used back door to open Recycling access 4215 | -8/Storage | Entered Recycling 4215 | -8/Recycling | Accompanied by 2 allies 4257 | -8/Recycling | Spotter reported a threat 4259 | -8/Recycling | Spotter reported a threat 4260 | -8/Recycling | Spotter reported a threat 4283 | -8/Recycling | Spotter reported a threat 4283 | -8/Recycling | Spotter reported a threat 4330 | -8/Recycling | Spotter reported a threat 4336 | -8/Recycling | Spotter reported a threat 4348 | -8/Recycling | Spotter reported a threat 4379 | -8/Recycling | Spotter reported a threat 4379 | -8/Recycling | Spotter reported a threat 4383 | -8/Recycling | Spotter reported a threat 4388 | -8/Recycling | Spotter reported a threat 4389 | -8/Recycling | Spotter reported a threat 4401 | -8/Recycling | Spotter reported a threat 4408 | -8/Recycling | Discovered new exit (range 57) 4428 | -8/Recycling | Spotter reported a threat 4432 | -8/Recycling | Spotter reported a threat 4442 | -8/Recycling | Spotter reported a threat 4454 | -8/Recycling | Spotter reported a threat 4456 | -8/Recycling | Spotter reported a threat 4482 | -8/Recycling | Spotter reported a threat 4485 | -8/Recycling | Spotter reported a threat 4524 | -8/Recycling | Spotter reported a threat 4564 | -8/Recycling | Spotter reported a threat 4569 | -8/Recycling | Spotter reported a threat 4603 | -8/Recycling | Spotter reported a threat 4627 | -8/Recycling | Spotter reported a threat 4629 | -8/Recycling | Spotter reported a threat 4702 | -8/Recycling | Spotter reported a threat 4726 | -8/Recycling | Spotter reported a threat 4775 | -8/Recycling | Spotter reported a threat 4811 | -8/Recycling | Spotter reported a threat 4821 | -8/Recycling | Spotter reported a threat 4826 | -8/Recycling | Spotter reported a threat 4833 | -8/Recycling | Spotter reported a threat 4905 | -8/Recycling | Spotter reported a threat 4916 | -8/Recycling | Spotter reported a threat 4921 | -8/Recycling | Spotter reported a threat 4958 | -8/Recycling | Spotter reported a threat 4959 | -8/Recycling | Spotter reported a threat 5028 | -8/Recycling | Spotter reported a threat 5085 | -8/Recycling | Spotter reported a threat 5095 | -8/Recycling | Spotter reported a threat 5138 | -8/Recycling | Spotter reported a threat 5145 | -8/Recycling | Spotter reported a threat 5162 | -8/Recycling | Spotter reported a threat 5170 | -8/Recycling | Spotter reported a threat 5189 | -8/Recycling | Spotter reported a threat 5191 | -8/Recycling | Spotter reported a threat 5215 | -8/Recycling | Spotter reported a threat 5242 | -8/Recycling | Spotter reported a threat 5251 | -8/Recycling | Entered Factory 5251 | -6/Factory | Evolved 4 slots: Power x1, Propulsion x1, Utility x1, Weapon x1 5298 | -6/Factory | Discovered new exit (range 8) 5601 | -6/Factory | First assault squad dispatched 5642 | -6/Factory | Build established: Scavenger-Skirmisher 5680 | -6/Factory | Lost 8 parts (2p3n1u2w) 5685 | -6/Factory | Garrison activated, responded to threat 5760 | -6/Factory | Lost 5 parts (1n1u3w) 5897 | -6/Factory | System corruption reached 10% 6227 | -6/Factory | Build established: Scavenger-Mutant 6427 | -6/Factory | Lost 4 parts (2p2n) 6663 | -6/Factory | Entered another Factory area 6663 | -5/Factory | Evolved 2 slots: Power x1, Utility x1 6822 | -5/Factory | Fabricated Com. HERF Cannon (x1) 7146 | -5/Factory | Build established: Scavenger-Assassin 7202 | -5/Factory | Fabricated G-34 Mercenary (x3) 7539 | -5/Factory | Fabricated G-34 Mercenary (x3) 7618 | -5/Factory | Lost 4 parts (3n1w) 7626 | -5/Factory | Build established: Scavenger-Mutant 8079 | -5/Factory | Found Imp. Powered Armor 8278 | -5/Factory | Lost 3 parts (2n1w) 8652 | -5/Factory | Build established: Scavenger-Assassin 8736 | -5/Factory | Crushed by falling debris 8736 | -5/Factory | System corruption reached 10% 8767 | -5/Factory | Lost 3 parts (1p1n1u) 8797 | -5/Factory | Discovered new exit (range 23) 9861 | -5/Factory | Discovered new exit (range 5) 9863 | -5/Factory | Entered Extension 10022 | -5/Extension | Build established: Scavenger-Mutant 11188 | -5/Extension | Disrupted transfer network 11895 | -5/Extension | Lost 3 parts (2u1w) 15587 | -5/Extension | Build established: Hauler-Mutant 16707 | -5/Extension | Destroyed B-75 Beast 16750 | -5/Extension | Destroyed B-75 Beast 16985 | -5/Extension | Build established: Hauler-Gunner 17355 | -5/Extension | Discovered new exit (range 16) 17357 | -5/Extension | Discovered new exit (range 15) 18693 | -5/Extension | Disrupted transfer network 18698 | -5/Extension | Entered Factory 18698 | -4/Factory | Evolved 2 slots: Propulsion x1, Weapon x1 20960 | -4/Factory | Fabricated Biometal Heavy Treads (x2) 21106 | -4/Factory | Fabricated Biometal Heavy Treads? 21183 | -4/Factory | Discovered new exit (range 22) 21198 | -4/Factory | First assault squad dispatched 21264 | -4/Factory | Entered Upper Caves 21384 | -4/Upper Caves | Attracted the attention of an 0b10 checkpoint 21542 | -4/Upper Caves | Learned 4 Research zone layouts 21777 | -4/Upper Caves | Build established: Generator-Skirmisher 21928 | -4/Upper Caves | Learned location of 1 exit from Research 22098 | -4/Upper Caves | Discovered new exit (range 6) 22384 | -4/Upper Caves | Entered another Upper Caves area 22487 | -4/Upper Caves | Crushed by falling debris 22487 | -4/Upper Caves | System corruption reached 10% 22488 | -4/Upper Caves | Destroyed 10 combat bots 22498 | -4/Upper Caves | Core integrity fell below 50% 22533 | -4/Upper Caves | Lost 15 parts (3p3n3u6w) 22536 | -4/Upper Caves | Attracted the attention of an 0b10 outpost 22572 | -4/Upper Caves | Core integrity fell below 20% 22572 | -4/Upper Caves | Discovered new exit (range 6) 22582 | -4/Upper Caves | Entered Research 22582 | -3/Research | Evolved 2 slots: Power x1, Utility x1 22583 | -3/Research | Identified exit to Testing 22602 | -3/Research | Lost 7 parts (2p1u4w) 23075 | -3/Research | Build established: Scavenger-Mutant 23344 | -3/Research | System corruption reached 10% 23404 | -3/Research | Core integrity fell below 50% 23419 | -3/Research | Lost 21 parts (3p7n5u6w) 23464 | -3/Research | Core integrity fell below 20% 23499 | -3/Research | Destroyed by P-80 Master with Gamma Rifle Last Messages --------------- 23445_ P-80 Master misfires. 23446_ Slammed into P-80 Master. 23446_ Destabilizing: System corrupted (+2). 23448_ P-80 Master misfires. 23457_ Slammed into P-80 Master. 23457_ System Backup Module permanently disabled. 23457_ Destabilizing: Short circuit. 23460_ System corrupted: Heat flow error (+266). 23460_ Hcp. Storage Unit destroyed. 23468_ Slammed into P-80 Master. 23470_ W-44 Eye sends out distress signal. 23474_ Slammed into P-80 Master. 23474_ Destabilizing: Core damaged (-26). 23475_ System corrupted: Heat flow error (+264). 23480_ Slammed into P-80 Master. 23493_ Broken System Backup Module destroyed. 23493_ Lrg. Storage Unit destroyed. 23494_ System corrupted: System Backup Module rejected. 23496_ P-80 Master IFF system glitched. 23498_ Slammed into P-80 Master. Map ----- +----------------------------------------------------+ | ???????????????????????????????????? ????????????? | | ????????????????????????????????? ???????????????? | | ??????????????????????????#???? ?? #???????????? | | ???????????????????????????? ??F?"??????????#????? | | ?????????????????????? ???#???????"??#??? ???????? | | ????????????????############ ?""""???? ? ?##??#?? | | ????????????????# #?#??#?????? ????#?#??#? | | ????????????????# ########?#?? ?#??#?## | | ????????????????# # #???? ###????? | | ????????????????# #*!| ! #?### #???#??? | | ????????????????#########+# #???# #?##???? | | ??????????????## / ! ! ##??# # ??? ? | | ???????????????# ######## # #?#?# # ? ? ? | | ???????????????? ???##?## # ###?# #?? ? | | ???????????????#?#?##?#?# ########??## #? ? ? | | ?????????????#? ? #???#?# ##?#?????#?# + ??? | | ?????????????#? Y ??????# ##??####?### #???? ? | | ???????????????? #???#?# ############ #? ? ? | | ??????????"?#??# ???#???# ## # # ? | | ?????????? ??#????????#?# ## # #?###?#? | | ????????o? ????? #?#?#### ## # ####?##? | | ??????????????#? ?#???#?# ## # ###?##?# | | ????????????##???????#### ## + ####?##? | | ???????????##?#?????#???# ## # #???##?# | | ?????????? ?##???#???##?# ## # #????#?# | | ????????????#?##???##???#@## # ##??##?# | | ???????????? ?? ########p##+###+############??#?? | | ????????? ?#??#?# # # % ##??????###### | | ????????????##???# #Y # %!#??##?#???##?# | | ????????????#??#?# + + #?##??#???#??? | | ??????????????##?# # u # #??#???#???? | | ??????????###???## # # #?#??????#??? | | ????????? ???###?# # # ! %##??? ??????? | | ?????????????##??######## ##+#####?????? ???? | | ???????????????#?##??#?## ####???? ?????? | | ???????????? ??? ???#???# #???? ? ???? | | ??????????????? ? ?#????# ##+##+## ##??# ?? #??? | | ????????????????? ?#?#### # # ##??#????? # ?? | | ?????????????? ? ?#?# + #??????????##?? ? | | ????????????? ? ????# #### #??????? ?? ?#??? | | ???????????????? ? ????#??# #???##?? ???????? | | ???????????????? ??????#### #??? ? ? ? ?? | | ???????????????"????#? #?## ! #????????? ? ? | | ???????????????"?? ?##?#??######## ?##??#? ?? ?#+# | | ????????????????#????? ??????????? ?###???##?##??? | | ???????????????????? ??#??? ? ?? #??#?##????#??? | | ??????????????????#??? ?????? ???#?####??#???#???? | | ??????????????????????????#? ? ?+??? #??##?#????? | | ?????????????????????????????? ?? ?????????????? | | ???????????????????????#??? ?????????????#???????? | +----------------------------------------------------+ Best States ------------- Heat Dissipation 77 Coolant Potential 100 Energy Generation 47 Energy Capacity 525 Matter Stores 300 Matter Capacity 300 Sight Range 16 Terrain Scan Range 24 Terrain Scan Density 210 ECM Strength 3 Jamming Range 8 Base Temperature (-) 150 EM Shielding 3 Corruption Prevention 24 Armor Coverage 800 Resistance: KI 20 Resistance: EM 25 Evasion (%) 55 Targeting Accuracy 8 Target Analysis 8 Core Analysis 8 Armor Integrity Analysis 50 Recoil Reduction 6 Particle Charging 20 Kinecelleration 30 Defensive Hacking 14 Item Schematics ----------------- Melee Analysis Suite | -8/Recycling | Hacked Lgt. Deuterium Engine | -8/Recycling | Hacked Robot Schematics ------------------ G-34 Mercenary | -8/Storage | Hacked Fabricated ------------ Com. HERF Cannon | x1 | -5/Factory | Preloaded G-34 Mercenary | x3 | -5/Factory G-34 Mercenary | x3 | -5/Factory Biometal Heavy Treads | x2 | -4/Factory | Preloaded Biometal Heavy Treads | x2 | -4/Factory | Preloaded Alien Tech Used ----------------- None Achievements -------------- Oh No You Don't! Treasure Hunter \\IAMDERELICT Challenges ------------ None Game ------ Seed NeutronNeutrinoFacilitator Manual? 0 Play Time 05:27:51 Cumulative 146.9 hours Start 2022.01.13 @ 20:38:48 End 2022.01.14 @ 22:02:48 Sessions 11 Manual Loads 0 Difficulty Rogue Special Mode None Game No. 108 Rogue 108 Adventurer 0 Explorer 0 Win Type - Total 0 Types 0/0/0/0/0/0/0/0/0 Lore% 41 Gallery% 56 Achievement% 37 Wizard Run 0 Options --------- ASCII 0 Keyboard 0 Movement Arrows Keybinds 0 Fullscreen 1 Font 14/Terminus Map View 72x54 Tactical HUD 1 Map Filters NONE Filters NONE Steam 1 RUN: 8df145f8-6531-4740-9d9e-70f2fa29e03e